 Dungeon Crawl Stone Soup version 0.22-a0-283-g1871b15 (webtiles) character file.

328 Amnesiac the Zephyrmancer (level 6, -1/32 HPs)
             Began as a Tengu Air Elementalist on Mar 19, 2018.
             Killed from afar by a dream sheep (33 damage)
             ... with an exploding inner flame
             ... on level 3 of the Dungeon.
             The game lasted 00:05:37 (3259 turns).

Amnesiac the Zephyrmancer (Tengu Air Elementalist)  Turns: 3259, Time: 00:05:37

Health: -1/32      AC:  2    Str:  8    XL:     6   Next: 50%
Magic:  12/12      EV: 13    Int: 17    God:
Gold:   89         SH:  0    Dex: 15    Spells: 4/12 levels left

rFire    . . .     SeeInvis .   s - +5 spear (venom)
rCold    . . .     Gourm    .   (no shield)
rNeg     . . .     Faith    .   a - +0 robe
rPois    .         Spirit   .   (helmet restricted)
rElec    .         Reflect  .   (no cloak)
rCorr    .         Harm     .   (no gloves)
MR       .....                  (boots unavailable)
Stlth    ++........             (no amulet)
HPRegen  0.10/turn              (no ring)
MPRegen  0.13/turn              (no ring)

@: no status effects
A: beak, talons 3, able to fly 1
a: Fly


You were on level 3 of the Dungeon.
You were not hungry.

You visited 1 branch of the dungeon, and saw 3 of its levels.

You collected 89 gold pieces.

Inventory:

Hand Weapons
 s - a +5 spear of venom (weapon)
Missiles
 k - 160 stones (quivered)
Armour
 a - a +0 robe (worn)
Wands
 b - a wand of paralysis (10)
Scrolls
 d - 2 scrolls of identify {!r}
 e - a scroll of remove curse {!r, unknown}
 f - 2 scrolls of teleportation {!r}
 g - 2 scrolls of enchant armour {!r, unknown}
 h - a scroll of blinking {!r, unknown}
 l - a scroll of enchant weapon {!r, unknown}
 n - 2 scrolls of fog {!r}
Potions
 i - a potion of flight {!q, unknown}
 j - a potion of magic {!q}
 m - a potion of resistance {!q}
 o - a potion of degeneration {!q, unknown}
 p - a potion of haste {!q, unknown}
 q - a potion of agility {!q, unknown}
 r - a potion of brilliance {!q, unknown}
Comestibles
 c - 6 rations


   Skills:
 - Level 2.1 Dodging
 - Level 2.0 Stealth
 + Level 3.8 Spellcasting
 - Level 1.3 Conjurations
 - Level 8.0 Air Magic


You had 4 spell levels left.
You knew the following spells:

 Your Spells              Type           Power        Failure   Level  Hunger
a - Shock                 Conj/Air       ###.         2%          1    None
b - Static Discharge      Conj/Air       ###.....     7%          3    ###....
c - Airstrike             Air            ####......   6%          4    ####...


Dungeon Overview and Level Annotations

Branches:
Dungeon (3/15)

Altars:
Elyvilon
Xom
Yredelemnul

Annotations:
D:3 1 runed door


Innate Abilities, Weirdness & Mutations

You have a beak for a mouth.
You have claws for feet.
You can fly.


Message History

You hit the orc.
The orc is poisoned.
The orc is severely wounded.
The orc completely misses you.
You hit the orc.
You kill the orc!
No target in view!
Things that are here:
a short sword; an orc corpse No target in view!
You butcher the orc corpse.
t - a chunk of flesh You see here a short sword. x2
Eating a chunk of flesh.
You eat the chunk of flesh.
This raw flesh tastes terrible.
Key pressed, stopping explore.
No target in view!
You see here a club.
Things that are here:
a club x2
No target in view!
k - 160 stones (gained 17)
Things that are here:
a hunting sling; a club No target in view!
Found a runed door.
Things that are here:
a hunting sling; a club Key pressed, stopping explore.
No target in view!
You see here a dagger.
You now have 89 gold pieces (gained 14).
You open the door.
The walls suddenly crumble! 5 dream sheep come into view.
A dream sheep catches fire!
The dream sheep is struck with panic!
A dream sheep catches fire!
The dream sheep bleats in terror.
A dream sheep catches fire!
The dream sheep stampedes away.
A dream sheep catches fire!
The dream sheep panics and turns to flee.
A dream sheep catches fire!
The dream sheep stampedes away.
You hear mad divine giggling.
Found a shimmering altar of Xom.
Attack whom?
Press: ? - help, Dir - move target cursor, f - dream sheep
Aim: a dream sheep (covered in liquid flames, fleeing, inner flame)
You reach to attack!
The dream sheep bleats! x4
You hit the dream sheep.
The dream sheep is poisoned.
Your attack snaps the dream sheep out of its fear.
The dream sheep is lightly wounded.
The dream sheep burns! x10
There are monsters nearby!
You hit the dream sheep.
The dream sheep looks as sick as possible!
You peck the dream sheep, but do no damage.
The dream sheep is almost dead.
The dream sheep burns!
The dream sheep explodes!
The fiery explosion engulfs you!
Ouch! That really hurt!
You die...

...##......# .#.......## #
######.#####
..........####### #........
.....[.......)....
#.#########..........#######
#.# #...........## # #.#
##.##........# #.#
#..#.........# #.#
#............# #.#
#..§@§.......#
#.######...§........#
#.........§§§.......# #+#
#######....._.Y.....# ♣.♣♣
#......Y......# ♣♣.♣
#....Y.Y.....## ♣.♣
#...........## ♣♣.
#...........# ♣♣.♣
############# ♣♣...


You could see 4 dream sheep.

Vanquished Creatures
  A hound (D:3)
  An orc priest (D:3)
  Jessica (D:2)
  Natasha (thrice) (D:2)
  Terence (D:2)
  Robin (D:3)
  3 gnolls (D:2)
  2 adders (D:2)
  A dart slug (D:1)
  5 orcs
  3 giant cockroaches (D:3)
  10 hobgoblins
  2 jackals (D:2)
  9 kobolds
  2 quokkas (D:2)
  12 bats
  A frilled lizard (D:1)
  16 goblins
  13 rats
87 creatures vanquished.

Notes
Turn   | Place    | Note
-------+----------+-------------------------------------------
     0 | D:1      | Amnesiac the Tengu Air Elementalist began the quest for the Orb.
     0 | D:1      | Reached XP level 1. HP: 10/10 MP: 4/4
   430 | D:1      | Reached XP level 2. HP: 15/15 MP: 3/6
   954 | D:1      | Reached skill level 5 in Air Magic
   983 | D:1      | Reached XP level 3. HP: 19/19 MP: 3/7
  1159 | D:1      | Learned a level 3 spell: Static Discharge
  1204 | D:2      | Noticed Jessica
  1212 | D:2      | Killed Jessica
  1212 | D:2      | Reached XP level 4. HP: 24/24 MP: 4/9
  1218 | D:2      | Learned a level 4 spell: Airstrike
  1324 | D:2      | Noticed Natasha
  1355 | D:2      | Killed Natasha
  1355 | D:2      | Reached skill level 6 in Air Magic
  1473 | D:2      | Noticed Terence
  1475 | D:2      | Noticed Natasha
  1479 | D:2      | Gained mutation: You can fly. [Tengu growth]
  1479 | D:2      | Reached XP level 5. HP: 26/28 MP: 2/10
  1480 | D:2      | Killed Natasha
  1545 | D:2      | Killed Terence
  1580 | D:2      | Reached skill level 7 in Air Magic
  1782 | D:2      | Noticed Natasha
  1794 | D:2      | Killed Natasha
  2260 | D:3      | Reached XP level 6. HP: 27/32 MP: 6/12
  2263 | D:3      | Found a white marble altar of Elyvilon.
  2319 | D:3      | Noticed Robin
  2663 | D:3      | Found a basalt altar of Yredelemnul.
  2788 | D:3      | Killed Robin
  2788 | D:3      | Reached skill level 8 in Air Magic
  2825 | D:3      | HP: 1/32 [poisoned by Robin]
  3172 | D:3      | Found a runed door.
  3257 | D:3      | Found a shimmering altar of Xom.
  3257 | D:3      | Noticed a dream sheep
  3257 | D:3      | Noticed a dream sheep
  3257 | D:3      | Noticed a dream sheep
  3257 | D:3      | Noticed a dream sheep
  3257 | D:3      | Noticed a dream sheep
  3259 | D:3      | Killed a dream sheep
  3259 | D:3      | Killed from afar by a dream sheep

Vault maps used:
D:1:      nicolae_arrival_somewhat_less_tricky_arrival
D:2:      uniq_natasha, uniq_jessica, uniq_terence
D:3:      kennysheep_ying_yang, first_ration, kb_xom_exploding_sheep,
          uniq_crazy_yiuf_cottage, uniq_robin

Skill      XL: |  1  2  3  4  5  6 |
---------------+-------------------+-----
Air Magic      | 5 6 7 8 |  8.0
Spellcasting   | 3 |  3.8
Dodging        | |  2.1
Stealth        | |  2.0
Conjurations   | |  1.3

Action                   |  1- 3 |  4- 6 || total
-------------------------+-------+-------++-------
Melee: Unarmed           |     5 |     4 ||     9
       Spear             |       |     5 ||     5
       Kick              |       |     2 ||     2
       Peck              |       |     1 ||     1
 Cast: Shock             |    58 |   103 ||   161
       Static Discharge  |       |     2 ||     2
 Abil: Fly               |       |     1 ||     1
  Use: Potion            |       |     2 ||     2
       Scroll            |       |     4 ||     4
  Eat: Chunk             |     2 |     6 ||     8
Armor: Robe              |     6 |     7 ||    13
Dodge: Dodged            |    25 |    53 ||    78

Table legend:
 A = Spawn XP
 B = Non-spawn XP
 C = Spawn XP percentage of total XP
 D = Spawn monster count
 E = Non-spawn monster count
 F = Spawn count percentage of total count
 G = Total turns spent on level
                    A         B        C        D         E        F      G
               +---------+---------+-------+---------+---------+-------+---------
         Total |       0 |     469 |   0.0 |       0 |      87 |   0.0 |  3259
               +---------+---------+-------+---------+---------+-------+---------
           D:1 |       0 |      37 |   0.0 |       0 |      25 |   0.0 |  1172
           D:2 |       0 |     272 |   0.0 |       0 |      26 |   0.0 |  1242
           D:3 |       0 |     160 |   0.0 |       0 |      36 |   0.0 |   845
               +---------+---------+-------+---------+---------+-------+---------
